 Dungeon Crawl Stone Soup version 0.18.1-50-g88ac8fd (webtiles) character file.

108196 Goblin1989 the Devastator (level 16, 96/96 HPs)
             Began as a Demonspawn Fire Elementalist on Oct 13, 2016.
             Was a High Priest of Vehumet.
             Quit the game on level 3 of the Shoals on Oct 15, 2016.
             The game lasted 04:16:30 (36567 turns).

Goblin1989 the Devastator (DsFE)                   Turns: 36567, Time: 04:16:31

Health: 96/96      AC: 15    Str:  8    XL:     16   Next: 2%
Magic:  8/42       EV: 17    Int: 29    God:    Vehumet [*****.]
Gold:   2015       SH:  6    Dex: 13    Spells: 9 memorised, 16 levels left

rFire  + . .     SeeInvis .     G - +1 trident of Poverty {freeze, MP+9}
rCold  + . .     Gourm    .     X - +4 mottled dragon armour
rNeg   + + .     Faith    .     m - +1 buckler {rC+}
rPois  +         Spirit   .     (no helmet)
rElec  .         Dismiss  .     n - +1 ratskin cloak {rPois rN+ Int-1 Dex-1}
rCorr  .         Reflect  .     (gloves unavailable)
SustAt .         Harm     .     V - +2 pair of boots {Fly}
MR     +....                    U - amulet of magic regeneration
Stlth  ++++......               K - ring of the Ban {rC+ Int+6}
                                s - ring of fire

@: flying, somewhat resistant to hostile enchantments, stealthy
A: claws 3, repulsion field 2, foul stench 1, negative energy resistance 1,
nightstalker 2, rot immunity
a: Renounce Religion, Stop Flying


You were on level 3 of the Shoals.
You worshipped Vehumet.
Vehumet was extremely pleased with you.
You were not hungry.

You visited 6 branches of the dungeon, and saw 30 of its levels.
You also visited: Bailey and Ice Cave.

You collected 4162 gold pieces.
You spent 2147 gold pieces at shops.

Inventory:

Hand Weapons
 a - the +7 spear of Tiekly {freeze, rElec rF+ rC++ MR-}
   (You found it in a bailey)

   It has been specially enchanted to freeze those struck by it, causing extra
   injury to most foes and up to half again as much damage against particularly
   susceptible opponents.
   It can also slow down cold-blooded creatures.
   It protects you from fire.
   It greatly protects you from cold.
   It insulates you from electricity.
   It affects your resistance to hostile enchantments.
 b - the +9 dagger "Dynoen" {freeze, +Fly}
   (You found it in a bailey)

   It has been specially enchanted to freeze those struck by it, causing extra
   injury to most foes and up to half again as much damage against particularly
   susceptible opponents.
   It can also slow down cold-blooded creatures.
   It lets you fly.
 G - the +1 trident of Poverty (weapon) {freeze, MP+9}
   (You bought it in a shop on level 2 of the Orcish Mines)

   It has been specially enchanted to freeze those struck by it, causing extra
   injury to most foes and up to half again as much damage against particularly
   susceptible opponents.
   It can also slow down cold-blooded creatures.
   It affects your magic capacity (+9).
Missiles
 o - 9 curare-tipped needles
Armour
 i - the +2 robe "Kahyoleq" {+Blink SInv}
   (You found it on level 5 of the Dungeon)

   It lets you see invisible.
   It lets you blink.
 m - a +1 buckler of cold resistance (worn)
 n - the +1 ratskin cloak (worn) {rPois rN+ Int-1 Dex-1}
   (You bought it in a shop on level 2 of the Orcish Mines)

   It affects your intelligence (-1).
   It affects your dexterity (-1).
   It protects you from poison.
   It protects you from negative energy.
 V - a +2 pair of boots of flying (worn)
 X - a +4 mottled dragon armour (worn)
Jewellery
 s - a ring of fire (left claw)
 u - the amulet of the Four Winds {rN+ MR+++ Clar}
   (You bought it in a shop on level 1 of the Orcish Mines)

   [amulet of nothing]

   It protects you from negative energy.
   It affects your resistance to hostile enchantments.
   It protects you against confusion.
 K - the ring of the Ban (right claw) {rC+ Int+6}
   (You bought it in a shop on level 2 of the Orcish Mines)

   [ring of protection from cold]

   It affects your intelligence (+6).
   It protects you from cold.
 P - an uncursed ring of see invisible {unknown}
 U - an amulet of magic regeneration (around neck)
 W - a +4 amulet of reflection
Wands
 k - a wand of digging (9/24)
 l - a wand of teleportation (4/9) {@v4}
 I - a wand of iceblast (8/15)
 J - a wand of acid (8/15)
 N - a wand of acid (9/15)
 S - a wand of lightning (8/15)
Scrolls
 g - 5 scrolls of fear
 h - 3 scrolls of immolation {!r}
 q - a scroll of vulnerability {unknown}
 t - 16 scrolls of remove curse {@r2}
 v - 7 scrolls of amnesia
 w - 4 scrolls of enchant weapon
 y - 3 scrolls of recharging
 B - 7 scrolls of blinking
 H - 4 scrolls of fog
 M - 5 scrolls of magic mapping
 R - 2 scrolls of identify {@r1}
 T - 6 scrolls of teleportation {@r4}
 Z - a scroll of holy word {unknown}
Potions
 d - 3 potions of haste {@q3}
 e - 16 potions of curing {@q1}
 j - 7 potions of brilliance
 p - 2 potions of agility
 x - a potion of beneficial mutation {unknown}
 z - 3 potions of heal wounds {@q2}
 A - a potion of magic
 C - a potion of cancellation
 D - 5 potions of might
 E - a potion of cure mutation
 F - 3 potions of resistance
 O - 3 potions of invisibility
 Q - 3 potions of ambrosia
 Y - a potion of lignification {unknown}
Comestibles
 c - 12 bread rations {@e1}
 f - 5 meat rations {@e2}


   Skills:
 + Level 7.4 Dodging
 - Level 1.7 Stealth
 - Level 4.0 Shields
 + Level 13.7 Spellcasting
 * Level 15.9 Conjurations
 * Level 15.0 Fire Magic


You had 16 spell levels left.
You knew the following spells:

 Your Spells              Type           Power        Failure   Level  Hunger
a - Fireball              Conj/Fire      ########..   1%          5    #......
b - Sticky Flame          Conj/Fire      ########     1%          4    None
c - Inner Flame           Hex/Fire       #######.     1%          3    None
d - Flame Tongue          Conj/Fire      #####        0%          1    None
e - Blink                 Tloc           N/A          10%         2    None
g - Passage of Golubria   Tloc           N/A          56%         4    None
j - Conjure Flame         Conj/Fire      ########     1%          3    None
o - Apportation           Tloc           ###.......   6%          1    None
R - Regeneration          Chrm/Necr      ###.......   17%         3    None


Dungeon Overview and Level Annotations

Branches:
Dungeon (15/15)            Temple (1/1) D:6            Lair (8/8) D:9
 Shoals (3/4) Lair:3       Spider (1/4) Lair:4        Slime (0/6) Lair:6
    Orc (2/2) D:9             Elf (0/3) Orc:2        Vaults (0/5) D:14
 Depths (0/5) D:15

Altars:
Ashenzari
Cheibriados
Dithmenos
Elyvilon
Fedhas
Gozag
Kikubaaqudgha
Makhleb
Nemelex Xobeh
Okawaru
Pakellas
Qazlal
Ru
Sif Muna
Trog
Vehumet
Xom
Yredelemnul
Zin
The Shining One
Beogh
Jiyva
Lugonu

Shops:
D:12 !   D:15 *   Orc:1 *   Orc:2 =(*[=   Shoals:3 }!

Annotations:
D:2 Sigmund
Lair:6 1 runed door


Innate Abilities, Weirdness & Mutations

You have claws for hands.
You are surrounded by a moderate repulsion field (EV +3).
You may emit foul miasma when damaged in melee.
You resist negative energy.
You are significantly more attuned to the shadows.
You are immune to rotting.


Message History

Casting: Fireball
Confirm with . or Enter, or press ? or * to list all spells.
Aiming: Fireball
Press: ? - help, Shift-Dir - straight line, f/p - faun
Aim: a faun, wielding a quarterstaff (steam, heavily wounded)
You feel a surge of power!
The fireball explodes!
The fireball engulfs the faun.
You kill the faun!
Vehumet accepts your kill.
You feel your power returning.
You hear a splash. x3
You have reached level 16!
You feel clever.
Your demonic ancestry asserts itself...
You feel resistant to negative energy. Vehumet accepts your kill.
You hear a splash. x3
You feel a bit more experienced.
Health restored: 96 You now have 8/42 mp.
Are you sure you want to abandon this character and quit the game? (Confirm with "yes".)

≈≈≈≈≈≈≈≈≈ .......≈≈≈≈
≈............
≈≈≈..............
ਜ≈≈≈....ਜ.ਜ........
ਜ.≈≈≈.....∩..........
≈.≈≈≈....Pਜ.ਜP.........
≈≈≈≈≈.......P..P...(...
≈≈÷≈≈...@.(..P.........
≈≈≈≈≈(..>./...........?
≈≈≈≈≈.))).†............
≈≈≈≈≈≈<.÷≈≈§≈≈./∩......
≈≈≈≈≈≈)≈≈≈≈§§§P.≈...!..
≈≈≈≈≈P≈[)≈P≈§§.P.......
≈≈≈≈≈≈≈≈(≈≈PP≈.........
≈≈≈≈≈PP≈≈≈PPP≈P≈....≈.≈
≈≈≈≈≈mPP(≈P≈PP≈≈P≈≈≈≈≈≈


There were no monsters in sight!

Vanquished Creatures
  Frances (D:13)
  An orc warlord (Orc:2)
  2 vault guards (D:14)
  3 merfolk impalers
  4 centaur warriors
  8 hydras
  A merfolk avatar (Shoals:3)
  A satyr (Shoals:3)
  A dancing weapon (Orc:2)
  A merfolk aquamancer (Shoals:2)
  3 orc high priests (Orc:2)
  Sonja (D:13)
  Nergalle (D:12)
  2 sea snakes
  A wizard (D:14)
  3 unseen horrors
  2 hill giants
  Pikel (D:4)
  A wolf spider zombie (D:14)
  3 necromancers
  5 orc sorcerers
  7 fauns
  6 griffons
  4 orc knights (Orc:2)
  A deep elf mage (D:13)
  13 ugly things
  3 elephants (Lair:5)
  6 cyclopes
  5 manticores
  5 centaur zombies
  Joseph (D:10)
  7 sirens
  An ice statue (IceCv)
  Maurice (Orc:1)
  2 torpor snails (Lair:5)
  A water nymph (Shoals:3)
  4 black mambas
  2 gargoyles (D:14)
  The ghost of kraktruk the Grappler, a novice DrMo of Cheibriados (D:5)
  9 komodo dragons
  12 spiny frogs
  4 centaur skeletons
  A yaktaur (D:14)
  A rime drake (Lair:8)
  11 freezing wraiths
  6 jumping spiders (Lair:4)
  A polar bear (Lair:5)
  A wind drake (Shoals:3)
  6 trolls
  14 merfolk
  11 blink frogs
  A two-headed ogre (D:14)
  9 slime creatures
  6 snapping turtles
  A spriggan (D:7)
  57 yaks
  3 shadows
  2 redbacks (Lair:4)
  A vampire (D:14)
  9 water elementals
  2 wyverns
  3 hungry ghosts
  18 humans (D:14)
  7 basilisks
  5 hippogriffs
  A death yak simulacrum (IceCv)
  A warg (Orc:2)
  2 mottled dragons
  A soldier ant (D:13)
  11 water moccasins
  8 porcupines
  40 orc warriors
  5 sky beasts
  2 slaves
  16 ice beasts
  An alligator simulacrum (IceCv)
  4 black bears
  14 wolves
  5 centaurs
  9 ogres
  15 crocodiles
  3 big kobolds
  15 giant frogs
  A wyvern zombie (D:13)
  A scorpion (D:7)
  A wyvern skeleton (D:6)
  8 killer bees
  17 wights
  8 howler monkeys
  2 electric eels
  7 crimson imps
  7 hounds
  4 quasits
  3 jellies (D:10)
  25 orc priests
  22 orc wizards
  A giant frog skeleton (D:11)
  Ijyb (D:1)
  12 iguanas
  3 troll simulacra (IceCv)
  4 hell rats (Lair:2)
  11 worker ants
  A polar bear simulacrum (IceCv)
  14 sheep
  A wolf simulacrum (IceCv)
  5 centaur simulacra (IceCv)
  A hound skeleton (D:11)
  2 worker ant zombies
  12 gnolls
  14 adders
  9 naga simulacra (IceCv)
  51 river rats
  3 ogre simulacra (IceCv)
  3 shadow imps
  12 white imps (IceCv)
  4 worms
  7 dart slugs
  5 giant geckos
  99 orcs
  8 giant cockroaches
  22 goblins
  13 hobgoblins
  19 jackals
  36 kobolds
  4 quokkas
  A ball python (D:2)
  11 bats
  A giant cockroach zombie (D:5)
  4 giant newts
  A jackal skeleton (D:6)
  A quokka skeleton (D:6)
  16 rats
  2 bushes
  2 fungi
  22 plants
1014 creatures vanquished.

Vanquished Creatures (others)
  A giant newt (D:4)
  A bush (Lair:7)
  17 fungi
  13 plants
  8 tentacles (Shoals:2)
  134 tentacle segments (Shoals:2)
174 creatures vanquished.

Grand Total: 1188 creatures vanquished

Notes
Turn   | Place    | Note
--------------------------------------------------------------
     0 | D:1      | Goblin1989 the Demonspawn Fire Elementalist began the quest for the Orb.
     0 | D:1      | Reached XP level 1. HP: 13/13 MP: 3/3
   201 | D:1      | Gained mutation: You are immune to rotting. [demonic ancestry]
   201 | D:1      | Reached XP level 2. HP: 19/19 MP: 3/5
  1199 | D:1      | Gained mutation: You have sharp fingernails. [demonic ancestry]
  1199 | D:1      | Reached XP level 3. HP: 24/24 MP: 1/6
  1306 | D:2      | Noticed Sigmund
  1522 | D:2      | Noticed Ijyb
  1547 | D:1      | Killed Ijyb
  2076 | D:1      | Learned a level 3 spell: Conjure Flame
  2081 | D:2      | Gained mutation: You have very sharp fingernails. [demonic ancestry]
  2081 | D:2      | Reached XP level 4. HP: 30/30 MP: 2/7
  2194 | D:2      | Found a burning altar of Makhleb.
  2196 | D:2      | Noticed a blizzard demon
  3207 | D:3      | Learned a level 4 spell: Sticky Flame
  3332 | D:3      | Reached XP level 5. HP: 35/35 MP: 5/9
  3425 | D:3      | Found an opulent altar of Gozag.
  3476 | D:3      | Found an oddly glowing altar of Pakellas.
  3499 | D:3      | Found a deep blue altar of Sif Muna.
  4385 | D:3      | Found a faded altar to an unknown god.
  4632 | D:4      | Noticed Pikel
  4632 | D:4      | Noticed a slave
  4632 | D:4      | Noticed a slave
  4632 | D:4      | Noticed a slave
  4634 | D:4      | Noticed a slave
  4648 | D:3      | Killed a slave
  4676 | D:2      | Killed a slave
  4872 | D:3      | Reached XP level 6. HP: 41/41 MP: 7/10
  5022 | D:4      | Found a shimmering altar of Xom.
  5221 | D:4      | Killed Pikel
  5221 | D:4      | Reached skill level 5 in Conjurations
  5221 | D:4      | Reached skill level 5 in Fire Magic
  5221 | D:4      | Reached XP level 7. HP: 46/46 MP: 2/12
  5673 | D:5      | Entered Level 5 of the Dungeon
  6012 | D:5      | Noticed kraktruk's ghost (novice DrMo)
  6088 | D:5      | Gained mutation: You are surrounded by a mild repulsion field (EV +2). [demonic ancestry]
  6088 | D:5      | Reached XP level 8. HP: 14/52 MP: 9/14
  6502 | D:5      | Got a ripped robe
  6562 | D:6      | Identified the +2 robe "Kahyoleq" {+Blink SInv} (You found it on level 5 of the Dungeon)
  6707 | D:5      | Found a sparkling altar of Nemelex Xobeh.
  7099 | D:6      | Found a staircase to the Ecumenical Temple.
  7104 | Temple   | Entered the Ecumenical Temple
  7126 | Temple   | Rekenzichi: О, караптед тепл
  7133 | Temple   | Rekenzichi: темпл*
  7140 | D:6      | Goblin1989: да вообще
  7140 | D:6      | Goblin1989: дайте мне моего вехумета!
  7140 | D:6      | Rekenzichi: ??challenge
  7145 | D:6      | beem: challenge[1/26]: Win with as many runes as possible collected while already carrying the orb.
  7145 | D:6      | Rekenzichi: ??challenge
  7145 | D:6      | beem: challenge[1/26]: Win with as many runes as possible collected while already carrying the orb.
  7145 | D:6      | Rekenzichi: бим сломался
  7152 | D:6      | Goblin1989: я им не пользуюсь
  7302 | D:6      | Found a sacrificial altar of Ru.
  7836 | D:6      | Learned a level 3 spell: Inner Flame
  7842 | D:6      | Learned a level 5 spell: Fireball
  9114 | D:7      | Gained mutation: You are slightly more attuned to the shadows. [demonic ancestry]
  9114 | D:7      | Reached XP level 9. HP: 50/57 MP: 11/16
  9792 | D:7      | Reached skill level 5 in Spellcasting
 10376 | D:8      | Found a snail-covered altar of Cheibriados.
 10860 | D:5      | Killed kraktruk's ghost
 12428 | D:9      | Reached XP level 10. HP: 60/63 MP: 2/18
 12432 | D:9      | Found a blossoming altar of Fedhas.
 12619 | D:9      | Got a translucent falchion
 12620 | D:9      | Identified the +6 falchion of Forced Transition {flame, rF- rN+++ Str+4} (You found it on level 9 of the Dungeon)
 12673 | D:9      | Found a shadowy altar of Dithmenos.
 12673 | D:9      | Found a stormy altar of Qazlal.
 12673 | D:9      | Found a radiant altar of Vehumet.
 12674 | D:9      | Found a burning altar of Makhleb.
 12676 | D:9      | Found a white marble altar of Elyvilon.
 12677 | D:9      | Found a sacrificial altar of Ru.
 12680 | D:9      | Rekenzichi: НАКАНЕЦТА
 12680 | D:9      | Became a worshipper of Vehumet
 12681 | D:9      | Goblin1989: ага
 12893 | D:10     | Entered Level 10 of the Dungeon
 13105 | D:10     | Noticed Joseph
 13142 | D:10     | Killed Joseph
 13540 | D:10     | Noticed a hill giant
 13564 | D:10     | Killed a hill giant
 13903 | D:10     | Noticed an unseen horror
 13910 | D:10     | Killed an unseen horror
 13910 | D:10     | Reached skill level 10 in Conjurations
 13999 | D:11     | Noticed an unseen horror
 14005 | D:11     | Killed an unseen horror
 14109 | D:11     | Reached skill level 10 in Fire Magic
 14238 | D:11     | Reached XP level 11. HP: 62/68 MP: 19/23
 14373 | D:11     | Reached * piety under Vehumet
 14373 | D:11     | Offered knowledge of Shock by Vehumet.
 14659 | D:12     | Found a flagged portal.
 14735 | Bailey   | Entered a bailey
 14802 | Bailey   | Reached ** piety under Vehumet
 14802 | Bailey   | Offered knowledge of Searing Ray by Vehumet.
 14855 | Bailey   | Got a translucent spear
 14857 | Bailey   | Got a scorched dagger
 14881 | Bailey   | Identified the +9 dagger "Dynoen" {freeze, +Fly} (You found it in a bailey)
 14882 | Bailey   | Identified the +7 spear of Tiekly {freeze, rElec rF+ rC++ MR-} (You found it in a bailey)
 15187 | D:9      | Found a staircase to the Orcish Mines.
 15367 | D:9      | Found a staircase to the Lair.
 15402 | D:9      | Offered knowledge of Mephitic Cloud by Vehumet.
 15609 | Lair:1   | Entered Level 1 of the Lair of Beasts
 15615 | Lair:1   | Reached *** piety under Vehumet
 16006 | Lair:1   | Goblin1989: скоро работать идти
 16006 | Lair:1   | Goblin1989: печаль
 16050 | Lair:1   | Rekenzichi: А у тебя сколько времени?
 16051 | Lair:1   | Goblin1989: 8^14
 16051 | Lair:1   | Goblin1989: 8:14
 16051 | Lair:1   | Goblin1989: я уже на работе
 16051 | Lair:1   | Rekenzichi: Новосиб что ль? Или дальше даже
 16051 | Lair:1   | Goblin1989: но идти ратотать скоро
 16523 | Lair:1   | Reached skill level 10 in Spellcasting
 16825 | Lair:2   | Offered knowledge of Stone Arrow by Vehumet.
 16831 | Lair:2   | Found a frozen archway.
 16861 | IceCv    | Entered an ice cave
 17104 | IceCv    | Reached **** piety under Vehumet
 17192 | IceCv    | Gained mutation: You are significantly more attuned to the shadows. [demonic ancestry]
 17192 | IceCv    | Reached XP level 12. HP: 74/74 MP: 15/26
 17374 | IceCv    | Rekenzichi: А не палевно вообще на работе в кравл играть?
 17376 | IceCv    | Offered knowledge of Throw Icicle by Vehumet.
 17741 | IceCv    | Found an ancient bone altar of Kikubaaqudgha.
 17760 | IceCv    | Rekenzichi: "Классный" книжки, кстати, для FE, хех
 17760 | IceCv    | Rekenzichi: классные*
 17760 | IceCv    | Goblin1989: если ты небольшой начальник нет
 17760 | IceCv    | Goblin1989: я единственный врач в участковой больнице
 17760 | IceCv    | Rekenzichi: Неплохо, если так
 17760 | IceCv    | Goblin1989: и к тому же всеми компами заведую
 17845 | IceCv    | Rekenzichi: А как так вышло вообще? Что в больнице один врач? Небольшой населенный пункт?
 17845 | IceCv    | Goblin1989: участок на 3-4 тысячи населения. село.
 17845 | IceCv    | Rekenzichi: А, ну тогда понятно, а сам живешь там же?
 17845 | IceCv    | Goblin1989: в село врачи с высшим образрованием не идут
 17845 | IceCv    | Goblin1989: да
 17845 | IceCv    | Rekenzichi: Холода наступившие не сильно докучают?
 17845 | IceCv    | Goblin1989: вот и пришлось брать меня со средним на должность терапевта
 17845 | IceCv    | Goblin1989: сегодня 20 см снега выпало где-то
 17845 | IceCv    | Goblin1989: день жестянщика
 17882 | IceCv    | Rekenzichi: В октябре!? Мдэ, Сибирь - это такое, конечно
 17882 | IceCv    | Goblin1989: у нас в том году вооще странное погода творит
 17882 | IceCv    | Goblin1989: первого октября снег выпал
 17882 | IceCv    | Goblin1989: позавчера вроде растаял
 17882 | IceCv    | Goblin1989: сегоня выпало еще больше
 17885 | IceCv    | Rekenzichi: В этом года просто похолодало на месяца-полтора раньше, чем обычно
 17885 | IceCv    | Rekenzichi: хз, с чем это связано
 17885 | IceCv    | Rekenzichi: году*
 17888 | IceCv    | Goblin1989: просто лабильность эклиптики земли
 17888 | IceCv    | Goblin1989: синоптики должны были такое предполагать по идее
 18052 | IceCv    | Rekenzichi: Большинство синоптиков работают на воздушные потоки
 18054 | IceCv    | Rekenzichi: Такими фундаментальными вещами единицы занимаются
 18054 | IceCv    | Goblin1989: большинство не все
 18054 | IceCv    | Goblin1989: к тому же есть такая наука как астрономия
 18054 | IceCv    | Rekenzichi: Ну, я про то, что в СМИ точно упоминаний не будет
 18054 | IceCv    | Goblin1989: если они марс изучают поди землю-то тоже должны изучать
 18054 | IceCv    | Rekenzichi: О предполагаемом похолодании в следующем году, например
 18054 | IceCv    | Goblin1989: может европа и знает
 18054 | IceCv    | Goblin1989: им выгодно не терять урожаи сельхозпродукции
 18054 | IceCv    | Rekenzichi: Пффф, заговор Российских синоптиков? Я тебя умоляю
 18054 | IceCv    | Goblin1989: а нашим пофиг
 18054 | IceCv    | Rekenzichi: Везде люди одинаковые
 18054 | IceCv    | Goblin1989: неа
 18054 | IceCv    | Rekenzichi: При том, что у синоптиков общая система, я считаю
 18054 | IceCv    | Rekenzichi: Тут от конкретного человека зависит
 18054 | IceCv    | Rekenzichi: А прогноз можно ж не только из одного источника смотреть
 18054 | IceCv    | Goblin1989: ну я думая система сбора данных одна, а система аналитики разная
 18054 | IceCv    | Rekenzichi: Потому я про разные источники и сказал
 18054 | IceCv    | Goblin1989: ну я в общем хз
 18054 | IceCv    | Goblin1989: думаю в этом году зима будет особенно лютая
 18054 | IceCv    | Rekenzichi: Вообще, в них столько камней лететь начинает из-за неточных прогнозов, что вряд ли они на долгосрочную перспективу смотрят
 18054 | IceCv    | Goblin1989: с морозами на всю зиму под 40 с лишним
 18054 | IceCv    | Rekenzichi: Нууу, не знаю, мне кажется, что просто смещение сезонов идет некое
 18054 | IceCv    | Goblin1989: а вот я заметил что наши правильно последнее время угадывают примерно на неделю
 18054 | IceCv    | Goblin1989: а кстати может и не в синоптиках дело тогда
 18054 | IceCv    | Rekenzichi: а в чем?
 18054 | IceCv    | Goblin1989: просто прогнозы чаще смотреть нужно
 18054 | IceCv    | Goblin1989: наши сельские частники почти весь свой урожай под снегом похоронили просто
 18054 | IceCv    | Rekenzichi: Поставил приложуху на телефон - и смотри хоть каждый день прогнозы одним нажатием
 18054 | IceCv    | Goblin1989: организации-то вроде справились кое-как вовремя, но это из-за обилия техники просто
 18054 | IceCv    | Rekenzichi: Такой огромный спад температуры синоптики просто не могли проглядеть
 18054 | IceCv    | Rekenzichi: Как по мне
 18054 | IceCv    | Rekenzichi: Я в магию не верю
 18054 | IceCv    | Rekenzichi: И в погодное оружие тоже
 18120 | Lair:2   | Reached ***** piety under Vehumet
 18131 | Lair:2   | Rekenzichi: А контингент вообще какой у вас селе?
 18236 | Lair:2   | Goblin1989: старики
 18236 | Lair:2   | Goblin1989: у меня вообще геронтологическое отделение на 25 человек
 18236 | Lair:2   | Goblin1989: то есть только старики и лежет
 18236 | Lair:2   | Goblin1989: *лежат
 18236 | Lair:2   | Goblin1989: молодых в район
 18236 | Lair:2   | Rekenzichi: А, так у вас стационар есть даже
 18236 | Lair:2   | Goblin1989: ну да, пока не закрыли
 18236 | Lair:2   | Goblin1989: но я думаю начать изучать английский
 18236 | Lair:2   | Goblin1989: буду потом в эникеев переучиваться
 18236 | Lair:2   | Rekenzichi: И в район поедешь?
 18236 | Lair:2   | Goblin1989: если честно, люди немного надоели уже за 6 лет работы
 18236 | Lair:2   | Goblin1989: так 20 км всего
 18236 | Lair:2   | Goblin1989: я ездить на работу смогу каждый день
 18236 | Lair:2   | Goblin1989: вон москва так живет
 18236 | Lair:2   | Rekenzichi: Занести может
 18236 | Lair:2   | Rekenzichi: Село же
 18236 | Lair:2   | Goblin1989: за 6 лет такое было один раз всего
 18236 | Lair:2   | Rekenzichi: Странно, учитываю регион
 18236 | Lair:2   | Goblin1989: но тогда полметра за раз нападало
 18236 | Lair:2   | Goblin1989: ну у меня юг сибири, не север
 18236 | Lair:2   | Rekenzichi: А
 18236 | Lair:2   | Goblin1989: у нас климат относительно мягкий
 18236 | Lair:2   | Goblin1989: хм
 18236 | Lair:2   | Goblin1989: мне нужна аугментация
 18236 | Lair:2   | Goblin1989: надо глянуть это тир вдва или тир три
 18236 | Lair:2   | Rekenzichi: Минусовые температуры осенью - мягкий? Мда, совсем меня юга изнежели
 18236 | Lair:2   | Goblin1989: тир три
 18236 | Lair:2   | Goblin1989: тир три у меня еще нет
 18236 | Lair:2   | Rekenzichi: Ты о чем сейчас?
 18236 | Lair:2   | Goblin1989: и одного тир два нет
 18236 | Lair:2   | Goblin1989: о мутациях
 18236 | Lair:2   | Rekenzichi: А
 18236 | Lair:2   | Rekenzichi: Давно за ДСов не играл
 18236 | Lair:2   | Goblin1989: а мне они нравятся
 18236 | Lair:2   | Rekenzichi: Так мне тоже
 18236 | Lair:2   | Rekenzichi: Я только ими и играл преимущественно
 18236 | Lair:2   | Goblin1989: вот, решил еще раз попробовать зигоскаммера сдалать
 18236 | Lair:2   | Rekenzichi: Пока не поспрорил
 18236 | Lair:2   | Rekenzichi: С неймластнеймом
 18236 | Lair:2   | Goblin1989: нейм сейчас в армейке
 18236 | Lair:2   | Goblin1989: отдыхает от кроула
 18236 | Lair:2   | Rekenzichi: О, как раз его челленж выполню, когда он вернется
 18236 | Lair:2   | Rekenzichi: Или не выполню
 18236 | Lair:2   | Goblin1989: да драконы легкие же
 18236 | Lair:2   | Rekenzichi: Как же его угораздило-то
 18236 | Lair:2   | Rekenzichi: Драконы легкие, если руки не из жопы
 18236 | Lair:2   | Goblin1989: я вон с пятой или шестой попытки трансмутера сделал
 18236 | Lair:2   | Rekenzichi: Я таким похвастаться не могу
 18236 | Lair:2   | Goblin1989: ты только онлайн играешь или офлайн тоже?
 18236 | Lair:2   | Rekenzichi: Не, на онлайн перешел давно уже
 18236 | Lair:2   | Goblin1989: ну тогда еще рано
 18236 | Lair:2   | Rekenzichi: Что рано?
 18236 | Lair:2   | Goblin1989: я первый орб вынес когда игр 300 сделал
 18236 | Lair:2   | Rekenzichi: Так я офлайн года 2 катал
 18236 | Lair:2   | Goblin1989: у тебя 100 с небольшим
 18236 | Lair:2   | Goblin1989: ах вон оно что
 18236 | Lair:2   | Rekenzichi: У меня просто руки из жопы
 18236 | Lair:2   | Goblin1989: ты как планируешь проходить гладиатора?
 18236 | Lair:2   | Rekenzichi: Табером просто
 18236 | Lair:2   | Goblin1989: бог/оружие/арморъ
 18236 | Lair:2   | Rekenzichi: Бог у меня в челленже вшит, и это Иред
 18236 | Lair:2   | Rekenzichi: С полеармом соответсвенно
 18236 | Lair:2   | Goblin1989: иред это кто?
 18236 | Lair:2   | Rekenzichi: А армор не могут дарконы носить
 18236 | Lair:2   | Rekenzichi: Yredemul
 18236 | Lair:2   | Goblin1989: я с женей не играл
 18236 | Lair:2   | Goblin1989: щит?
 18236 | Lair:2   | Rekenzichi: Естесвенно
 18236 | Lair:2   | Goblin1989: хм
 18236 | Lair:2   | Goblin1989: чистым таббером не советовал бы, драконианы кастеры неплохие же
 18236 | Lair:2   | Rekenzichi: Там начальный интеллект 8 на гладиаторе
 18236 | Lair:2   | Goblin1989: комбо со слаем
 18236 | Lair:2   | Rekenzichi: Это в мага вкачать нереально почти
 18236 | Lair:2   | Goblin1989: норм
 18236 | Lair:2   | Goblin1989: для шестерок сойдет
 18236 | Lair:2   | Goblin1989: и вообще забей на все что больше 0,17
 18236 | Lair:2   | Goblin1989: версию имею ввиду
 18236 | Lair:2   | Goblin1989: там есть шифт
 18236 | Lair:2   | Goblin1989: он крут
 18236 | Lair:2   | Rekenzichi: В смысле?
 18236 | Lair:2   | Goblin1989: спелл транслоков
 18236 | Lair:2   | Goblin1989: дает где-то 5-7 ЕВ
 18236 | Lair:2   | Goblin1989: шифт, хаста, слай
 18236 | Lair:2   | Goblin1989: а хасту можно кидать на саммонов жени, если там какие-нибудь драконы или демоны крутые
 18236 | Lair:2   | Rekenzichi: А какое у шифта оригинальное название? А то я вспомнить не могу этот спелл
 18236 | Lair:2   | Goblin1989: ну и к тому же в 0,17 есть РМУТ
 18236 | Lair:2   | Rekenzichi: Эх, хорошие были времена
 18236 | Lair:2   | Goblin1989: сейчас найду
 18236 | Lair:2   | Goblin1989: http://crawl.chaosforge.org/Phase_Shift
 18236 | Lair:2   | Goblin1989: почему были
 18236 | Lair:2   | Goblin1989: я вот до сих пор предпочитаю в 0,17 играть
 18292 | Lair:2   | Offered knowledge of Venom Bolt by Vehumet.
 18401 | Lair:2   | Rekenzichi: Ну, я предпочитаю идти в ногу со временем, если разрабы так видят игру, то почему бы и нет
 18406 | Lair:2   | Goblin1989: я выиграл недавно в транк. не получил такого удовольствия как когда играю в 0,17
 18475 | Lair:2   | Reached skill level 1 in Shields
 18483 | Lair:2   | Rekenzichi: Так а 0.18?
 18484 | Lair:2   | Goblin1989: я же говорю - это будущий зигоскаммер
 18527 | Lair:2   | Goblin1989: http://crawl.xtahua.com/crawl/morgue/Goblin1989/morgue-Goblin1989-20160818-042348.txt
 18527 | Lair:2   | Goblin1989: зигоскаммеры в 0,17 унылые, должен признать
 19144 | Lair:2   | Noticed a six-headed hydra
 19144 | Lair:2   | Rekenzichi: Почему же?
 19144 | Lair:2   | Goblin1989: ну естественно же
 19144 | Lair:2   | Goblin1989: долго зиккураты искать
 19150 | Lair:2   | Killed a six-headed hydra
 19270 | Lair:3   | Rekenzichi: Ну, томбу пройти - это то же не хухры-мухры
 19271 | Lair:3   | Rekenzichi: но не для FE
 19271 | Lair:3   | Rekenzichi: хех
 19271 | Lair:3   | Goblin1989: я кстати в транке томбу проходил при помощи нового спелла их. было прикольно
 19440 | Lair:3   | Found a staircase to the Shoals.
 20552 | Lair:4   | Gained mutation: You may emit foul miasma when damaged in melee. [demonic ancestry]
 20552 | Lair:4   | Reached XP level 13. HP: 79/79 MP: 15/29
 20682 | Lair:3   | Goblin1989: лан
 20682 | Lair:3   | Goblin1989: работа зовет!
 20682 | Lair:3   | Goblin1989: после обеда
 21080 | Lair:4   | Offered knowledge of Conjure Ball Lightning by Vehumet.
 21384 | Lair:4   | Found a hole to the Spider Nest.
 21932 | Lair:5   | Learned a level 6 spell: Conjure Ball Lightning
 21935 | Lair:5   | Learned a level 1 spell: Apportation
 21938 | Lair:5   | Learned a level 2 spell: Blink
 21943 | Lair:5   | Learned a level 4 spell: Passage of Golubria
 22314 | Lair:5   | Learned a level 3 spell: Regeneration
 22316 | Lair:5   | Learned a level 1 spell: Animate Skeleton
 23221 | Lair:6   | Found a runed door.
 23221 | Lair:6   | Found a viscous altar of Jiyva.
 23221 | Lair:6   | Noticed an acid blob
 23222 | Lair:6   | Found a staircase to the Slime Pits.
 23222 | Lair:6   | Noticed an acid blob
 25320 | Lair:8   | Entered Level 8 of the Lair of Beasts
 25406 | Lair:8   | Gained mutation: You have claws for hands. [demonic ancestry]
 25406 | Lair:8   | Reached XP level 14. HP: 85/85 MP: 22/30
 25602 | Orc:1    | Entered Level 1 of the Orcish Mines
 25661 | Orc:1    | Offered knowledge of Bolt of Draining by Vehumet.
 25905 | Orc:2    | Entered Level 2 of the Orcish Mines
 26087 | Orc:2    | Found a staircase to the Elven Halls.
 26149 | Orc:1    | Noticed Maurice
 26152 | Orc:1    | Killed Maurice
 26430 | Orc:1    | Found Omelar's General Store.
 26445 | Orc:1    | Bought the amulet of the Four Winds {rN+ MR+++ Clar} for 448 gold pieces
 26812 | Orc:1    | Found a runed door.
 27099 | Orc:1    | Found a roughly hewn altar of Beogh.
 27473 | Orc:2    | Found a roughly hewn altar of Beogh.
 28024 | Orc:2    | Reached ****** piety under Vehumet
 28062 | Orc:2    | Offered knowledge of Lee's Rapid Deconstruction by Vehumet.
 28135 | Orc:2    | Noticed an orc warlord
 28149 | Orc:2    | Killed an orc warlord
 28366 | Orc:2    | Found a roughly hewn altar of Beogh.
 28444 | Orc:2    | Found Zaciamonn's Jewellery Shoppe.
 28503 | Orc:2    | Bought the ring of the Ban {rC+ Int+6} for 669 gold pieces
 28772 | Orc:2    | Found Fitzikhi's General Store.
 28772 | Orc:2    | Found Niphobb's Jewellery Emporium.
 28772 | Orc:2    | Found Jymour's Antique Armour Shoppe.
 28776 | Orc:2    | Bought a scroll of identify for 30 gold pieces
 28776 | Orc:2    | Bought a scroll of identify for 30 gold pieces
 28781 | Orc:2    | Found Xois's Antique Weapon Shoppe.
 28787 | Orc:2    | Bought a slimy trident for 272 gold pieces
 28787 | Orc:2    | Identified the +1 trident of Poverty {freeze, MP+9} (You bought it in a shop on level 2 of the Orcish Mines)
 28789 | Orc:2    | Bought a pair of runed boots for 112 gold pieces
 28847 | Orc:2    | Reached skill level 5 in Dodging
 28889 | Orc:2    | Bought the +1 ratskin cloak {rPois rN+ Int-1 Dex-1} for 310 gold pieces
 29636 | D:12     | Found Pecieh's Distillery.
 29643 | D:12     | Bought a potion of heal wounds for 60 gold pieces
 29643 | D:12     | Bought a potion of cancellation for 96 gold pieces
 30146 | D:12     | Offered knowledge of Orb of Destruction by Vehumet.
 30154 | D:12     | Noticed Nergalle
 30158 | D:12     | Killed Nergalle
 30543 | D:13     | Noticed Sonja
 30545 | D:13     | Killed Sonja
 30718 | D:13     | Noticed Frances
 30927 | D:13     | Killed Frances
 31722 | D:14     | Gained mutation: You are surrounded by a moderate repulsion field (EV +3). [demonic ancestry]
 31722 | D:14     | Reached XP level 15. HP: 71/90 MP: 29/32
 31825 | D:14     | Found a shadowy altar of Dithmenos.
 31919 | D:14     | Identified the Compendium of Fiery Venom
 32205 | D:14     | Found a gate to the Vaults.
 32227 | D:14     | Identified the Guide on Companions and Changing
 32284 | D:14     | Reached skill level 15 in Conjurations
 32984 | D:15     | Entered Level 15 of the Dungeon
 33010 | D:15     | Offered knowledge of Poisonous Cloud by Vehumet.
 33103 | D:15     | Found Sifuz's General Store.
 33120 | D:15     | Found a staircase to the Depths.
 33120 | D:15     | Noticed a fire giant
 33363 | Spider:1 | Entered Level 1 of the Spider Nest
 33441 | Shoals:1 | Entered Level 1 of the Shoals
 33557 | Shoals:1 | ololoev: ?dump goblin1989
 33557 | Shoals:1 | ololoev: &dump goblin1989
 33557 | Shoals:1 | beem: http://CRAWL.XTAHUA.COM/crawl/morgue/Goblin1989/Goblin1989.txt
 33961 | Shoals:1 | ololoev: конечно набор муток далеко не самый удачный
 33998 | Shoals:1 | Goblin1989: да пофиг
 33998 | Shoals:1 | Goblin1989: если тир три и тир два вторая неудачная будет просто орб вынесу
 34305 | Shoals:1 | ololoev: у тебя больше не будет тир 2
 34305 | Shoals:1 | ololoev: у тебя их уже 2
 34305 | Shoals:1 | Goblin1989: аааа
 34305 | Shoals:1 | ololoev: фоул стенч и найтсталкер
 34305 | Shoals:1 | Goblin1989: нейтсталкер же
 34305 | Shoals:1 | ololoev: обе нинужны
 34305 | Shoals:1 | Goblin1989: и миазмы, да
 34305 | Shoals:1 | ololoev: для --FE^Veh
 34305 | Shoals:1 | Goblin1989: ну
 34305 | Shoals:1 | Goblin1989: нейтсталкер удобен
 34305 | Shoals:1 | Goblin1989: для меня
 34305 | Shoals:1 | Goblin1989: а миазмы будут замедлять милишников
 34305 | Shoals:1 | Goblin1989: правда какой в этом толк в зиккурате
 34305 | Shoals:1 | Goblin1989: никакого
 34305 | Shoals:1 | ololoev: найтсталкер в общем для мегазигов норм
 34305 | Shoals:1 | ololoev: когда к хлебу перекатываешься
 34517 | Shoals:1 | ololoev: с вехом наверное даже без него удобнее
 34557 | Shoals:1 | Goblin1989: торнадо бьет за горизонт нейтсталкера?
 34578 | Shoals:2 | ololoev: ничего не бьет за лос кроме шторма и торнадо
 34578 | Shoals:2 | ololoev: тьфу
 34578 | Shoals:2 | ololoev: шторма и фболла
 34580 | Shoals:2 | ololoev: всякие шаттеры только в пределах лоса
 34580 | Shoals:2 | Goblin1989: ну
 34580 | Shoals:2 | ololoev: ну и у тебя 0.18, облака вне лоса еще могут оставаться
 34580 | Shoals:2 | ololoev: в 0.19 уже нет
 34580 | Shoals:2 | ololoev: найтсталкер кстати чем туп - он фактически снижает дальность болтов
 34580 | Shoals:2 | ololoev: значит они меньше противников пробить могут
 34580 | Shoals:2 | Goblin1989: тогда действительно нейтсталкер неудачная мутка
 34582 | Shoals:2 | ololoev: с хлебом норм будет потому что меньше народу тебя одновременно будут бить
 34583 | Shoals:2 | ololoev: с вехом обычно все сразу помирают
 34585 | Shoals:2 | ololoev: и проблема в том чтобы народ подходил, да побольше
 34585 | Shoals:2 | ololoev: чтобы мана не кончалась
 35520 | Shoals:2 | Noticed a kraken
 36088 | Shoals:2 | Noticed a kraken
 36405 | Shoals:3 | Found Izosch's Gadget Emporium.
 36429 | Shoals:3 | Found Tuyf's Distillery.
 36438 | Shoals:3 | Bought a potion of magic for 120 gold pieces
 36536 | Shoals:3 | Reached skill level 15 in Fire Magic
 36566 | Shoals:3 | Gained mutation: You resist negative energy. [demonic ancestry]
 36566 | Shoals:3 | Reached XP level 16. HP: 96/96 MP: 7/33
 36567 | Shoals:3 | Quit the game

Skill      XL: |  1  2  3  4  5  6  7  8  9 10 11 12 13 14 15 |
---------------+----------------------------------------------+-----
Fire Magic     | 3 4 5 6 7 9 10 11 12 14 15 | 15.0
Conjurations   | 2 3 5 7 9 10 11 12 13 14 15 | 15.9
Spellcasting   | 3 4 5 8 10 12 13 | 13.7
Shields        | 3 4 |  4.0
Dodging        | 3 5 7 |  7.4
Stealth        | |  1.7

Action                   |  1- 3 |  4- 6 |  7- 9 | 10-12 | 13-15 | 16-18 || total
-------------------------+-------+-------+-------+-------+-------+-------++-------
Melee: Unarmed           |     1 |     9 |       |       |       |       ||    10
       Whip              |       |       |   101 |       |       |       ||   101
       Dagger            |       |       |       |     2 |    32 |       ||    34
       Trident           |       |       |       |       |     7 |       ||     7
 Cast: Flame Tongue      |    69 |   137 |   200 |   166 |     3 |       ||   575
       Conjure Flame     |       |     4 |     9 |     1 |     1 |       ||    15
       Sticky Flame      |       |       |    41 |    60 |    82 |       ||   183
       Inner Flame       |       |       |     3 |       |     1 |       ||     4
       Fireball          |       |       |     2 |   202 |   585 |     1 ||   790
       Apportation       |       |       |       |       |     5 |       ||     5
       Animate Skeleton  |       |       |       |       |     1 |       ||     1
       Regeneration      |       |       |       |       |     1 |       ||     1
Evoke: Wand              |       |    25 |     1 |     3 |     2 |       ||    31
  Use: Scroll            |       |     6 |     7 |    14 |    15 |       ||    42
       Potion            |       |     1 |     2 |     1 |     4 |       ||     8
 Stab: Sleeping          |       |       |     1 |       |       |       ||     1
  Eat: Chunk             |     4 |     9 |    22 |    44 |    60 |       ||   139
       Beef jerky        |       |     1 |       |     2 |       |       ||     3
       Meat ration       |       |       |     1 |     2 |     4 |       ||     7
       Pizza             |       |       |     1 |     2 |     1 |       ||     4
       Bread ration      |       |       |       |     1 |       |       ||     1
       Fruit             |       |       |       |       |     9 |       ||     9
Armor: Robe              |     5 |    17 |    71 |    28 |    25 |       ||   146
       Mottled dragon ar |       |       |       |       |     3 |       ||     3
Dodge: Dodged            |    25 |    66 |   176 |   133 |   156 |       ||   556
Block: Buckler           |       |       |       |       |    70 |       ||    70

Vault maps used:
D:1:      dpeg_arrival_long_road
D:2:      first_bread, grunt_ministairs_6, makhleb_altar_promises_db, uniq_iyjb,
          uniq_sigmund
D:3:      led_sif_book, grunt_pakellas_basics, marbit_many_paths,
          ecumenical_altar_2
D:4:      nicolae_overflow_crystal_walls, uniq_pikel
D:5:      lemuel_doored_altar, minmay_misc_feat_five, kennysheep_generic_room_10
D:6:      minmay_temple_entry_butterflies, roderic_lattice_a,
          nicolae_ru_sacrificial_ziggurat
D:7:      statuecave_lemuel, the_bakery
D:8:      kennysheep_mini_moat
D:9:      minitemple, old_standard_altar, grunt_lair_entry_orc_guard_hut,
          serial_corexii_hall, corexii_hall_statues_deadend,
          corexii_hall_statues_i
D:10:     uniq_joseph
D:11:     serial_corexii_hall, corexii_hall_statues_l, corexii_hall_statues_i,
          corexii_hall_statues_u, corexii_hall_statues_l,
          corexii_hall_statues_i, corexii_hall_statues_deadend
D:12:     enter_bailey_3, serial_shops, shop, uniq_nergalle
D:13:     spider_trap, kennysheep_flooded_box, uniq_sonja, uniq_frances
D:14:     grunt_vaults_entry_tiered, minmay_misc_feat_roman,
          nicolae_dithmenos_shadow_blocks
D:15:     grunt_enter_depths_giant_problem, serial_shops, shop,
          lemuel_tele_altar
Temple:   corrupted_temple
Lair:1:   nicolae_quartered_pool_medium, hangedman_lair_generics_rect
Lair:2:   portal_ice_cave_entry_ice_beasts, beast_lair_carwin_9
Lair:3:   minmay_shoals_entry_hut, kennysheep_basilisk_garden,
          lemuel_fruit_tree, wad_woods_river_01
Lair:4:   nicolae_spider_entry_tight_spaces, serial_bayou_shore_b
Lair:6:   slime_altar_2, enter_volcano_2, columned_hall_lemuel
Lair:7:   gammafunk_lair_bear_cave
Lair:8:   minmay_lair_end_enchanted_forest, basic_altar, lemuel_fruit_fields,
          grunt_megastairs_2, serial_bayou_shore_b
Shoals:3: serial_shops, statue_bzr, shop, shop_fountains, nicolae_shop_crystal,
          shop
Spider:1: hangedman_spider_trapstep
Orc:1:    serial_shops, shop, lightli_church_of_beogh, uniq_maurice
Orc:2:    st_orc_congregation, serial_shops, shop, basic_altar,
          minmay_orc_temple_a
Bailey:   bailey_axe_1, bailey
IceCv:    ice_cave_small_necro
